 Dungeon Crawl Stone Soup version 0.29.1-1-gd02db6906a (webtiles) character file.

Game seed: 15403396146243188845

2217 H0rd4k the Insei (level 9, -15/76 (81) HPs)
             Began as an Octopode Transmuter on Oct 20, 2022.
             Was an Initiate of Gozag.
             Killed from afar by Maggie (22 damage)
             ... with a bolt of fire
             ... on level 7 of the Dungeon.
             The game lasted 00:14:03 (10861 turns).

H0rd4k the Insei (Octopode Transmuter)             Turns: 10861, Time: 00:14:04

HP:   -15/76 (81)   AC:  1    Str:  9    XL:     9   Next: 35%
MP:   17/17         EV: 14    Int: 19    God:    Gozag
Gold: 1190          SH:  0    Dex: 13    Spells: 12/19 levels left

rFire   x . .      SeeInvis +   u - staff of poison
rCold   + . .      Faith    .   (no shield)
rNeg    . . .      Spirit   .   (helmet restricted)
rPois   +          Reflect  .   (no amulet)
rElec   .          Harm     .   x - ring of see invisible
rCorr   .          Rampage  .   y - ring of ice
Will    .....                   (no ring)
Stlth   ..........              (no ring)
HPRegen 0.22/turn               (no ring)
MPRegen 0.15/turn               (no ring)
                                (no ring)
                                (no ring)

@: berserking, gold aura, studying Ranged Weapons, drained, very quick
A: almost no armour, amphibious, 8 rings, camouflage 1, gelatinous body 1,
(nimble swimmer 1), tentacles
a: Renounce Religion, Potion Petition, Call Merchant, Bribe Branch


You were on level 7 of the Dungeon.
You worshipped Gozag.
Gozag was most pleased with you.
You visited 1 branch of the dungeon, and saw 7 of its levels.
You also visited: Sewer.

You collected 1211 gold pieces.
You paid 21 gold pieces to Gozag.

Inventory:

Missiles
 c - 3 throwing nets
 d - 17 poisoned darts
Magical Staves
 u - a staff of poison (weapon)
Jewellery
 x - a ring of see invisible (left tentacle)
 y - a ring of ice (right tentacle)
Scrolls
 b - a scroll of teleportation
 g - 2 scrolls of vulnerability
 h - a scroll of identify
 i - a scroll of brand weapon {unknown}
 k - a scroll of noise {unknown}
 m - a scroll of magic mapping {unknown}
 o - a scroll of fog {unknown}
 q - 2 scrolls of immolation {unknown}
 t - a scroll of enchant armour {unknown}
Potions
 a - a potion of lignification
 e - 4 potions of curing
 f - a potion of heal wounds {unknown}
 j - 2 potions of brilliance
 l - 2 potions of cancellation
 n - a potion of berserk rage
 p - 3 potions of mutation {unknown}
 r - a potion of resistance
 s - a potion of degeneration {unknown}
 v - a potion of magic {unknown}
 w - a potion of haste


   Skills:
 + Level 2.0 Fighting
 + Level 0.2 Staves
 + Level 4.1 Dodging
 + Level 4.9 Stealth
 + Level 7.2 Unarmed Combat
 * Level 5.5 Spellcasting
 * Level 5.1 Transmutations
 + Level 1.6 Air Magic
 + Level 4.2 Poison Magic


You had 12 spell levels left.
You knew the following spells:

 Your Spells              Type           Power      Damage    Failure   Level
a - Beastly Appendage     Tmut           48%        N/A       1%          1
b - Spider Form           Tmut/Pois      34%        N/A       5%          3
c - Sting                 Tmut/Pois      100%       1d8       1%          1
d - Poisonous Vapours     Pois/Air       48%        N/A       5%          2

Your spell library contained the following spells:

 Spells                   Type           Power      Damage    Failure   Level
 Wereblood                Tmut           24%        N/A       2%          2
 Blink                    Tloc           10%        N/A       19%         2
 Olgreb's Toxic Radiance  Pois           31%        N/A       21%         4
 Ice Form                 Ice/Tmut       22%        N/A       38%         4
 Manifold Assault         Tloc           5%         N/A       97%         5
 Storm Form               Tmut/Air       9%         N/A       100%        7


Dungeon Overview and Level Annotations

Branches:
Dungeon (7/15)             Temple (0/1) D:7           Sewer (visited)

Altars:
Ashenzari
Cheibriados
Fedhas
Gozag
Makhleb
Okawaru
Sif Muna
Trog
Xom
Zin

Annotations:
D:2 1 runed translucent door, exclusion: door, Crazy Yiuf
D:5 exclusion: downstairs
D:7 2 transporters, Duvessa, Maggie


Innate Abilities, Weirdness & Mutations

You cannot wear most types of armour.
You are amphibious.
You can wear up to eight rings at the same time.
Your skin changes colour to match your surroundings (Stealth+).
Your rubbery body absorbs attacks. (AC +1, EV +1)
((You are camouflaged when in or above water. (Stealth+)))
You have tentacles for arms and can constrict up to eight enemies at once.


Message History

You hit Maggie but do no damage.
Maggie is poisoned.
Maggie is lightly wounded.
You barely miss Maggie.
Maggie is moderately wounded.
Maggie misses you.
You hit Maggie.
Maggie is moderately wounded.
You break out of your daze.
Maggie barely misses you.
You hit Maggie.
Maggie is heavily wounded.
Your transformation has ended.
Your staff of poison unmelds from your body.
Maggie casts a spell.
Maggie attempts to bespell you! You resist.
A red film seems to cover your vision as you go berserk!
You feel yourself moving faster!
You feel mighty! Maggie casts a spell at you. The bolt of fire misses you.
You closely miss Maggie. Your grab misses Maggie. Your squeeze misses Maggie.
Maggie is heavily wounded.
Maggie points at you and mumbles some strange words.
The bolt of fire misses you.
You hit Maggie but do no damage. You grab Maggie. You squeeze Maggie!
Maggie is heavily wounded.
You constrict Maggie, but do no damage.
Maggie hits you with a +1 scimitar of draining!
* * * LOW HITPOINT WARNING * * *
You feel drained.
* * * LOW HITPOINT WARNING * * *
You hit Maggie.
Maggie is severely wounded.
You constrict Maggie. You hit Maggie! You squeeze Maggie.
Maggie is almost dead.
You constrict Maggie, but do no damage. Maggie gestures at you while chanting.
The bolt of fire hits you!! The fire burns you terribly!
You die...
Your body crumbles into a pile of gold.

#.# #...#####.#### #.#
#.....##..###### #.#
##.##.##..#8.._# #.#
#.##.....#....# #### #.#
#...##...'....# ...# #.#
###....<.#..### ...###.#
####...#8.#A#
#...##.###########...######
.#.............$@@...#######...
#..#.#.############............
. .#...#.# ####...<########§
#..##..# #.$...### #.§§ ...)..##
######@#.#.# #####.#
...<...#####...<..c.#.####§....#
####.........#...........D.#####
............#..........#####
###########............#


You could see Maggie (poisoned).

Vanquished Creatures
  Sigmund (D:3)
  A steam dragon (D:7)
  Menkaure (D:7)
  A water moccasin (D:3)
  An orc warrior (D:5)
  A centaur (D:7)
  3 phantoms
  2 kobold brigands
  A bullfrog (D:6)
  2 scorpions
  A crimson imp (D:3)
  2 hounds (D:5)
  3 gnoll boudas
  An orc priest (D:6)
  4 iguanas
  6 orc wizards
  A howler monkey skeleton (D:2)
  19 gnolls
  2 river rats
  12 adders
  A white imp (D:7)
  An ufetubus (D:7)
  3 adder zombies (D:2)
  2 adder skeletons (D:2)
  4 worms
  A dart slug (D:2)
  29 orcs
  2 bat skeletons (D:2)
  A bat zombie (D:2)
  12 endoplasms
  5 giant cockroaches
  9 goblins
  4 hobgoblins
  4 jackals (D:1)
  17 kobolds
  4 quokkas
  9 ball pythons
  8 bats
  11 frilled lizards
  2 quokka skeletons (D:2)
  A quokka zombie (D:2)
  16 rats
211 creatures vanquished.

Vanquished Creatures (others)
  6 fungi (D:4)
  2 withered plants (D:2)
8 creatures vanquished.

Grand Total: 219 creatures vanquished

Notes
Turn   | Place    | Note
-------+----------+-------------------------------------------
     0 | D:1      | H0rd4k the Octopode Transmuter began the quest for the Orb.
     0 | D:1      | Reached XP level 1. HP: 13/13 MP: 3/3
   260 | D:1      | Reached XP level 2. HP: 18/18 MP: 5/5
   988 | D:1      | Found a faded altar of an unknown god.
  1004 | D:1      | Reached XP level 3. HP: 16/23 MP: 6/6
  1635 | D:2      | Reached skill level 4 in Unarmed Combat
  1901 | D:2      | Reached XP level 4. HP: 25/28 MP: 7/7
  1903 | D:2      | Reached skill level 1 in Stealth
  2636 | D:2      | Found a runed translucent door.
  2637 | D:2      | Noticed Crazy Yiuf
  2666 | D:2      | Found an opulent altar of Gozag.
  2684 | D:2      | Became a worshipper of Gozag Ym Sagoz the Greedy
  2900 | D:3      | Reached XP level 5. HP: 28/33 MP: 6/8
  2907 | D:3      | Learned a level 3 spell: Spider Form
  2974 | D:3      | Found a glowing drain.
  3043 | Sewer    | Entered a sewer
  3731 | D:3      | Noticed a water moccasin
  3743 | D:3      | Killed a water moccasin
  3744 | D:3      | Reached XP level 6. HP: 25/38 MP: 4/10
  4323 | D:3      | Found a shimmering blue altar of Sif Muna.
  4800 | D:3      | Noticed Sigmund
  4810 | D:3      | Killed Sigmund
  4811 | D:3      | Reached skill level 5 in Unarmed Combat
  4811 | D:3      | Reached XP level 7. HP: 36/43 MP: 8/11
  5101 | D:3      | Found a shimmering altar of Xom.
  5101 | D:3      | Found a burning altar of Makhleb.
  6264 | D:4      | Found a snail-covered altar of Cheibriados.
  6394 | D:4      | Found a blossoming altar of Fedhas.
  6583 | D:5      | Entered Level 5 of the Dungeon
  6824 | D:5      | Reached skill level 6 in Unarmed Combat
  7056 | D:5      | Found an opulent altar of Gozag.
  7084 | D:5      | Reached XP level 8. HP: 48/48 MP: 13/13
  7398 | D:5      | Found an iron altar of Okawaru.
  8009 | D:5      | Learned a level 1 spell: Sting
  8012 | D:5      | Learned a level 2 spell: Poisonous Vapours
  8509 | D:6      | Found a broken altar of Ashenzari.
  8511 | D:6      | Noticed a troll
  9067 | D:6      | Noticed a troll
  9590 | D:6      | Noticed a cyan ugly thing
  9903 | D:7      | Found a staircase to the Ecumenical Temple.
  9903 | D:7      | Found a transporter.
  9922 | D:7      | Found a transporter.
  9999 | D:7      | Noticed Duvessa
 10014 | D:7      | Noticed an angel
 10015 | D:7      | Found a glowing silver altar of Zin.
 10083 | D:7      | Noticed Menkaure
 10110 | D:7      | Reached skill level 1 in Air Magic
 10110 | D:7      | Reached XP level 9. HP: 53/54 MP: 11/16
 10123 | D:7      | Reached skill level 7 in Unarmed Combat
 10186 | D:7      | Found a bloodstained altar of Trog.
 10217 | D:7      | Noticed a kobold demonologist
 10358 | D:7      | Reached skill level 5 in Spellcasting
 10770 | D:7      | Killed Menkaure
 10771 | D:7      | Reached skill level 5 in Transmutations
 10821 | D:7      | Noticed Maggie
 10861 | D:7      | Killed from afar by Maggie

Illustrated notes

Levels and vault maps discovered:
D:1:      co_arrival_square_in_a_square_in_a_square, layout_loops_corners,
          shapermc_ecumenical_altar_pompeii
D:2:      layout_rooms, basic_altar, serial_undead, serial_undead_b,
          serial_undead_e, serial_undead_e, serial_undead_a, serial_undead_f,
          serial_undead_d, serial_undead_d, uniq_crazy_yiuf_cottage
D:3:      layout_basic, grunt_temple_overflow_champion_of_chaos,
          mainiacjoe_overflow_cross_hatched, portal_sewer_entry_e, uniq_sigmund
D:4:      layout_loops_ring, mainiacjoe_overflow_chevrons, lemuel_tele_altar,
          st_stairs_8
D:5:      layout_basic, okawaru_gym_becter, old_standard_altar
D:6:      layout_basic, nicolae_ashenzari_panopticon, minmay_manual_maat
D:7:      gammafunk_wand_slinger, layout_rooms, general_overflow_altar,
          mainiacjoe_overflow_catwalk, zin_angel, minmay_temple_entry_grid,
          uniq_maggie, uniq_duvessa, uniq_menkaure

Skill      XL: |  1  2  3  4  5  6  7  8  9 |
---------------+----------------------------+-----
Unarmed Combat | 4 5 6 7 |  7.2
Stealth        | 2 3 4 |  4.9
Dodging        | 3 4 |  4.1
Poison Magic   | 2 3 4 |  4.2
Spellcasting   | 3 4 5 |  5.5
Transmutations | 3 4 5 |  5.1
Air Magic      | 1 |  1.6
Fighting       | 2 |  2.0
Staves         | |  0.2

Action                   |  1- 3 |  4- 6 |  7- 9 || total
-------------------------+-------+-------+-------++-------
Melee: Unarmed           |    85 |   184 |   286 ||   555
       Constrict         |    21 |    34 |    21 ||    76
       Tentacles         |    18 |    26 |    24 ||    68
       Punch             |     3 |     2 |     6 ||    11
       Kick              |       |     3 |    16 ||    19
       Staff             |       |       |    22 ||    22
 Cast: Beastly Appendage |       |     3 |     6 ||     9
       Spider Form       |       |     8 |    26 ||    34
       Poisonous Vapours |       |       |    44 ||    44
       Sting             |       |       |     2 ||     2
  Use: Scroll            |       |       |    10 ||    10
       Potion            |       |       |     3 ||     3
 Stab: Sleeping          |     3 |    12 |     8 ||    23
       Distracted        |       |       |     2 ||     2
Armor: Skin              |     8 |     6 |    12 ||    26
Dodge: Dodged            |    70 |   133 |   219 ||   422
